 Dungeon Crawl Stone Soup version 0.28-a0-683-ga8797d1ae1 (webtiles) character file.

Game seed: 12928105605793295357

2478 lunkers the Thaumaturge (level 9, -4/70 HPs)
             Began as a Djinni Cinder Acolyte on Oct 18, 2021.
             Was a High Priest of Ignis.
             Slain by a wyvern (9 damage)
             ... on level 7 of the Dungeon.
             The game lasted 00:13:07 (8713 turns).

lunkers the Thaumaturge (Djinni Cinder Acolyte)     Turns: 8713, Time: 00:13:08

Health: -4/70      AC:  7    Str: 13    XL:     9   Next: 80%
Gold:   420        EV: 10    Int: 19    God:    Ignis [*****.] SH:  0 Dex:  9

rFire   + + +      SeeInvis .   h - +2 hand axe (vamp)
rCold   x . .      Faith    .   (no shield)
rNeg    + . .      Spirit   .   l - +2 ring mail {Will+}
rPois   ∞          Reflect  .   (no helmet)
rElec   .          Harm     .   (no cloak)
rCorr   .          Rampage  .   (no gloves)
Will    +....                   (boots unavailable)
Stlth   ..........              (no amulet)
HPRegen 0.21/turn               g - ring of positive energy
MPRegen 0.00/turn               (no ring)

@: about to teleport, flying
A: sickness immunity, fire resistance 2, cold vulnerability 1, float, innate
caster, hp casting, extra vitality 1
a: Renounce Religion, Sea of Fire, Foxfire Swarm, Rising Flame


You were on level 7 of the Dungeon.
You worshipped Ignis.
Ignis was extremely pleased with you.
You visited 1 branch of the dungeon, and saw 7 of its levels.

You collected 420 gold pieces.

Inventory:

Hand Weapons
 a - a -1 falchion of flaming
 h - a +2 vampiric hand axe (weapon)
Armour
 b - a +1 robe
 l - a +2 ring mail of willpower (worn)
Jewellery
 g - a ring of positive energy (left hand)
Wands
 p - a wand of flame (18)
 q - a wand of acid (12)
 t - a wand of polymorph (11)
Scrolls
 c - a scroll of enchant armour
 f - a scroll of magic mapping
 i - a scroll of holy word
Potions
 d - a potion of invisibility
 e - 2 potions of heal wounds
 j - a potion of haste {unknown}
 k - 3 potions of lignification
 m - a potion of cancellation {unknown}
 n - a potion of degeneration {unknown}
 o - a potion of ambrosia {unknown}
 r - a potion of flight {unknown}


   Skills:
 + Level 7.8 Fighting
 - Level 2.6 Long Blades
 * Level 8.3 Spellcasting


You had 12 spell levels left.
You knew the following spells:

 Your Spells              Type           Power      Damage    Failure   Level
a - Pain                  Necr           100%       1d9       1%          1
b - Slow                  Hex            39%        N/A       1%          2
c - Mephitic Cloud        Conj/Pois/Air  39%        N/A       1%          3
d - Petrify               Tmut/Erth      39%        N/A       6%          4
p - Scorch                Fire           78%        2d8       1%          2
Your spell library was empty.

Dungeon Overview and Level Annotations

Branches:
Dungeon (7/15)             Temple (0/1) D:6

Altars:
Sif Muna

Shops:
D:3 (   D:4 (

Annotations:
D:5 2 runed translucent doors


Innate Abilities, Weirdness & Mutations

You are immune to sickness and miasma.
You are immune to poison.
Your flesh is very heat resistant. (rF++)
You are vulnerable to cold. (rC-)
You float through the air rather than walking.
You learn spells naturally, not from books.
Your magical power is your life essence.
You have superior vitality. (+4 HP)


Message History

* * * LOW HITPOINT WARNING * * *
The wyvern bites you.
* * * LOW HITPOINT WARNING * * *
The centaur hits you with a +0 dagger.
* * * LOW HITPOINT WARNING * * *
The centaur kicks you but does no damage.
The wyvern bites you.
* * * LOW HITPOINT WARNING * * *
The centaur hits you with a +0 dagger.
* * * LOW HITPOINT WARNING * * *
The centaur closely misses you.
Casting: Scorch (safe; 1% risk of failure)
Press: ? - help, Q - select action, (/) - cycle Dir - look around, f - activate Flames lash the centaur.
The centaur is burned terribly!
The centaur is severely wounded.
* * * LOW HITPOINT WARNING * * *
The wyvern barely misses you.
The centaur hits you but does no damage.
The centaur kicks you.
* * * LOW HITPOINT WARNING * * *
Unknown command.
Casting: Scorch (safe; 1% risk of failure)
Press: ? - help, Q - select action, (/) - cycle Dir - look around, f - activate Flames lash the wyvern.
The wyvern is almost dead.
* * * LOW HITPOINT WARNING * * *
The centaur is no longer more vulnerable to fire.
The wyvern bites you but does no damage.
The centaur hits you with a +0 dagger.
* * * LOW HITPOINT WARNING * * *
The centaur barely misses you.
An orc warrior comes into view. It is wielding a +0 dire flail.
The wyvern bites you!
* * * LOW HITPOINT WARNING * * *
The centaur completely misses you. The centaur barely misses you.
As you read the scroll of teleportation, it crumbles to dust.
You feel strangely unstable.
The wyvern is no longer more vulnerable to fire.
The wyvern bites you!
You die...

#.........#######.#
#.####.#.## #
#...## #.#..##
#.##..# # .. ##.#
... #..
##.######.... #..
#.o...c...#
#.#..@l###.
...####..# #.###
#.# # ..# .# .. ..
#.#


You could see an orc warrior, a wyvern and a centaur.

Vanquished Creatures
  A hornet (D:6)
  2 water moccasins (D:7)
  3 ice beasts
  An orc warrior (D:4)
  A sky beast (D:5)
  2 necrophages
  A centaur (D:7)
  5 ogres
  A bullfrog (D:7)
  A scorpion (D:6)
  A howler monkey (D:7)
  3 bullfrog zombies
  A jelly (D:4)
  2 centaur skeletons (D:6)
  A bullfrog skeleton (D:5)
  2 orc priests (D:4)
  2 hounds
  Ijyb (D:5)
  An iguana (D:7)
  6 orc wizards
  A killer bee zombie (D:5)
  A hound skeleton (D:4)
  7 adders
  A shadow imp (D:6)
  3 white imps
  An ufetubus (D:6)
  2 adder skeletons (D:4)
  A dart slug (D:4)
  17 orcs
  5 bats
  6 endoplasms
  4 giant cockroaches
  10 goblins
  5 hobgoblins
  2 jackals (D:2)
  5 quokkas
  3 ball pythons
  5 frilled lizards
  11 kobolds
  4 rats
132 creatures vanquished.

Notes
Turn   | Place    | Note
-------+----------+-------------------------------------------
     0 | D:1      | lunkers the Djinni Cinder Acolyte began the quest for the
                  | Orb.
     0 | D:1      | Reached XP level 1. HP: 20/20 MP: 0/0
   277 | D:1      | Reached XP level 2. HP: 23/25 MP: 0/0
   632 | D:1      | Reached XP level 3. HP: 17/30 MP: 0/0
   632 | D:1      | Learned a level 1 spell: Pain
   770 | D:1      | Reached skill level 3 in Spellcasting
  2449 | D:3      | Found Ulanes's Weapon Shoppe.
  2604 | D:3      | Reached XP level 4. HP: 32/36 MP: 0/0
  3369 | D:3      | Found a faded altar of an unknown god.
  3558 | D:4      | Found Gamunap's Weapon Boutique.
  3818 | D:4      | Reached XP level 5. HP: 35/41 MP: 0/0
  3818 | D:4      | Learned a level 2 spell: Slow
  4236 | D:4      | Noticed an ogre
  4254 | D:4      | Killed an ogre
  4255 | D:4      | Reached skill level 4 in Spellcasting
  4255 | D:4      | Reached XP level 6. HP: 29/48 MP: 0/0
  4602 | D:4      | Noticed a necrophage
  4608 | D:4      | Killed a necrophage
  4868 | D:4      | Noticed an ogre
  4873 | D:4      | Killed an ogre
  4874 | D:4      | Reached XP level 7. HP: 45/53 MP: 0/0
  4874 | D:4      | Learned a level 3 spell: Mephitic Cloud
  4880 | D:4      | Reached skill level 5 in Spellcasting
  4881 | D:4      | Reached skill level 5 in Fighting
  5681 | D:5      | Entered Level 5 of the Dungeon
  5691 | D:5      | Reached XP level 8. HP: 29/60 MP: 0/0
  5955 | D:5      | Reached skill level 6 in Spellcasting
  6371 | D:5      | Noticed Ijyb
  6375 | D:5      | Killed Ijyb
  6534 | D:5      | Found a runed translucent door.
  6536 | D:5      | Found a runed translucent door.
  7014 | D:6      | Found a staircase to the Ecumenical Temple.
  7404 | D:6      | Reached skill level 7 in Spellcasting
  7404 | D:6      | Reached XP level 9. HP: 61/67 MP: 0/0
  7404 | D:6      | Learned a level 4 spell: Petrify
  7975 | D:7      | Noticed a hornet
  8154 | D:6      | Killed a hornet
  8367 | D:7      | Reached skill level 8 in Spellcasting
  8713 | D:7      | Slain by a wyvern

Illustrated notes

Levels and vault maps discovered:
D:1:      scummos_arrival_forest, layout_basic, lemuel_old_faithful
D:2:      layout_basic, serial_co_window_serial, co_window_corner_a,
          co_window_paths_b, co_window_corner_a, co_window_of_opportunity_a,
          co_window_paths_b, co_window_unsneaky_path_b, co_window_broadway_b,
          co_window_corner_b, co_window_corner_cb, co_window_corner_ca,
          glass_columns_a, glass_columns_b, glass_columns_a,
          grunt_ministairs_15, nrook_campfire
D:3:      layout_loops_cross, serial_shops, shop,
          dreamdust_ecumenical_altar_hidden_monk_grotto,
          amcnicky_mini_pool_small, minmay_hedge_maze,
          chequers_serial_rivers_small_3, minmay_joined_circles
D:4:      layout_gridville, kennysheep_cross_bottleneck, nicolae_stop_n_shop_2,
          minmay_ruptured
D:5:      lemuel_insect_pit, layout_rooms, mainiacjoe_overflow_chevrons,
          uniq_ijyb
D:6:      layout_basic, temple_doors_e
D:7:      layout_rooms, hangedman_decor_slide_cut, minmay_bent

Skill      XL: |  1  2  3  4  5  6  7  8  9 |
---------------+----------------------------+-----
Spellcasting   | 3 4 5 7 8 |  8.3
Fighting       | 4 5 6 7 |  7.8
Long Blades    | |  2.6

Action                   |  1- 3 |  4- 6 |  7- 9 || total
-------------------------+-------+-------+-------++-------
Melee: Falchion          |    81 |       |       ||    81
       Hand axe          |       |     2 |     1 ||     3
 Cast: Scorch            |    15 |    64 |   150 ||   229
       Pain              |    15 |     4 |       ||    19
       Mephitic Cloud    |       |       |     5 ||     5
       Petrify           |       |       |     1 ||     1
Evoke: Wand              |       |       |     1 ||     1
  Use: Scroll            |       |     3 |     8 ||    11
Armor: Robe              |    27 |     4 |       ||    31
       Ring mail         |       |     2 |    14 ||    16
Dodge: Dodged            |    73 |    17 |    30 ||   120

Table legend: (Time is in decaauts)
 A = Elapsed time spent in this place.
 B = Non-inter-level travel time spent in this place.
 C = Inter-level travel time spent in this place.
 D = Time resting spent in this place.
 E = Time spent auto-exploring this place.
 F = Levels seen in this place.
 G = Mean time per level.
                   A        B        C        D        E       F      G
               +--------+--------+--------+--------+--------+-----+--------+
         Total |   8730 |   8594 |    136 |   1310 |   6280 |   7 | 1247.1 |
       Dungeon |   8730 |   8594 |    136 |   1310 |   6280 |   7 | 1247.1 |
               +--------+--------+--------+--------+--------+-----+--------+

Top non-repeatable levels by time:
     D:4: 2110 daAuts
     D:3: 1343 daAuts
     D:6: 1323 daAuts
     D:1: 1214 daAuts
     D:2: 1125 daAuts
     D:5: 1098 daAuts
     D:7: 514 daAuts
